 Dungeon Crawl Stone Soup version 0.18-a0-1160-geb89fc2 (webtiles) character file.

1091 Gorice the Magician (level 8, -1/57 HPs)
             Began as a Ghoul Wanderer on Jan 24, 2016.
             Was an Initiate of Sif Muna.
             Shot with an arrow by a centaur (6 damage)
             ... on level 7 of the Dungeon.
             The game lasted 00:27:25 (6299 turns).

Gorice the Magician (Ghoul Wanderer)                Turns: 6299, Time: 00:27:25

Health: -1/57      AC: 11    Str: 14    XL:     8   Next: 31%
Magic:  11/14      EV: 10    Int: 14    God:    Sif Muna [......]
Gold:   334        SH:  0    Dex:  7    Spells: 2 memorised, 14 levels left

rFire  . . .     SeeInvis .     a - +1 dagger (freeze)
rCold  + . .     Gourm    .     h - +1 ring mail
rNeg   + + +     Faith    .     (no shield)
rPois  ∞         Spirit   .     (no helmet)
rElec  .         Dismiss  .     H - +1 cloak
rCorr  .         Reflect  .     K - +1 pair of gloves
SustAt .         Harm     .     s - +0 pair of boots
MR     .....                    u - amulet of magic regeneration
Stlth  +.........               (no ring)
                                J - +2 ring of intelligence

@: very slightly contaminated, rotting, not resistant to hostile enchantments,
very unstealthy
A: rotting body, claws 1, carnivore 3, cold resistance 1, negative energy
resistance 3, slow regeneration 1, torment resistance, unbreathing
a: Renounce Religion


You were on level 7 of the Dungeon.
You worshipped Sif Muna.
Sif Muna was noncommittal.
You were not hungry.

You visited 2 branches of the dungeon, and saw 8 of its levels.

You collected 334 gold pieces.

Inventory:

Hand Weapons
 a - a +1 dagger of freezing (weapon)
   (You took it off a goblin on level 2 of the Dungeon)
 b - a +2 hunting sling of evasion
   (You took it off a goblin on level 1 of the Dungeon)
 x - a +0 dagger
 G - a +3 quarterstaff of chaos
   (You took it off Crazy Yiuf on level 4 of the Dungeon)
Missiles
 l - 38 bolts of frost
 B - 2 javelins
 C - 5 tomahawks (quivered)
 M - 5 curare-tipped needles
 Z - 190 stones
Armour
 c - a +0 robe
 h - a +1 ring mail (worn)
 s - a +0 pair of boots (worn)
 H - a +1 cloak (worn)
 K - a +1 pair of gloves (worn)
Jewellery
 u - an amulet of magic regeneration (around neck)
 J - a +2 ring of intelligence (left hand)
 P - an uncursed ring of see invisible {unknown}
Wands
 n - a wand of enslavement (11/24)
 E - a wand of disintegration (15/24)
 N - a wand of polymorph (16/24)
Scrolls
 j - 2 scrolls of magic mapping {!r}
 q - 5 scrolls of teleportation {!r}
 w - 3 scrolls of remove curse
 D - a scroll of noise {!r}
 F - a scroll of fog
 L - 2 scrolls of fear {!r}
 R - a scroll of enchant weapon {unknown}
Potions
 g - a potion of might {!q}
 i - a potion of brilliance {!q}
 k - 2 potions of flight
 m - 2 potions of curing
 o - a potion of haste {!q}
 p - a potion of agility {unknown}
 t - a potion of berserk rage {unknown}
 z - 2 potions of heal wounds {unknown}
 A - a potion of resistance {unknown}
 I - a potion of invisibility {unknown}
Books
 d - a book of the Tempests
 e - a book of Minor Magic
 v - a book of Necromancy
 y - a book of Transfigurations
Comestibles
 f - 4 meat rations {!e}
 r - a slice of pizza
 O - a beef jerky
 Q - a chunk of flesh


   Skills:
 - Level 1.7 Dodging
 - Level 2.1 Stealth
   Level 1.0 Shields
 + Level 5.2 Spellcasting
 + Level 4.6 Conjurations
 + Level 4.7 Summonings
   Level 1.0 Transmutations


You had 14 spell levels left.
You knew the following spells:

 Your Spells              Type           Power        Failure   Level  Hunger
a - Magic Dart            Conj           ###.         8%          1    None
b - Call Imp              Summ           ###.....     10%         2    ##.....


Dungeon Overview and Level Annotations

Branches:
Dungeon (7/15)             Temple (1/1) D:6

Altars:
Ashenzari
Cheibriados
Dithmenos
Elyvilon
Fedhas
Gozag
Makhleb
Nemelex Xobeh
Okawaru
Pakellas
Qazlal
Ru
Sif Muna
Trog
Vehumet
Xom
Yredelemnul
Zin
The Shining One


Innate Abilities, Weirdness & Mutations

Your body is rotting away.
You thrive on raw meat.
You are immune to poison.
You have sharp fingernails.
You are carnivorous and can eat meat at any time.
Your flesh is cold resistant.
You are immune to negative energy.
You regenerate slowly when monsters are visible.
You are immune to unholy pain and torment.
You can survive without breathing.


Message History

Your white imp gestures at the centaur.
The puff of frost hits the centaur.
You hit the ogre. You freeze the ogre.
The ogre is heavily wounded.
The centaur wields an uncursed shortbow.
The centaur shoots an arrow.
The arrow hits your white imp but does no damage.
The ogre misses you.
Your white imp gestures at the centaur.
The puff of frost hits the centaur.
You hit the ogre. You freeze the ogre.
The ogre is severely wounded.
The centaur unwields an uncursed shortbow.
The centaur hits your white imp.
Your white imp dies!
The ogre hits you with a giant club!!
The centaur shouts!
Damage: 22 (max 22)
The centaur hits you but does no damage.
The centaur wields an uncursed shortbow.
The centaur shoots an arrow.
The arrow hits you!
* * * LOW HITPOINT WARNING * * *
You see here an arrow.
Damage: 8 (max 22)
The centaur shoots an arrow.
The arrow hits you!
* * * LOW HITPOINT WARNING * * *
You see here an arrow.
Damage: 9 (max 22) Unknown command.
Drink which item? (? for menu, Esc to quit)
You feel better.
Casting: Magic Dart
Confirm with . or Enter, or press ? or * to list all spells.
A beastly little devil appears in a puff of flame.
Your crimson imp blinks!
The ogre hits you with a giant club!
* * * LOW HITPOINT WARNING * * *
The centaur unwields an uncursed shortbow.
The centaur closely misses you.
Damage: 10 (max 22)
The centaur wields an uncursed shortbow.
The centaur shoots an arrow.
The arrow hits you.
* * * LOW HITPOINT WARNING * * *
You see here an arrow.
Damage: 1 (max 22)
The centaur shoots an arrow.
The arrow hits your crimson imp!
The ogre hits your crimson imp with a giant club!!
Your crimson imp dies!
The centaur shoots an arrow.
The arrow hits you.
You die...

#...# ... #...# ##..#
##...# #...# ####....##
#..## . #c..(....###
##...####
.O..###.(..####........
..... .####
##..((.O(........ ....#
## #....c.(...#### ...#
##.....#.@## #..#
#...###...# ..## #..##
##..# #..### #..##
#..## #..##. #..# ##..#
##..... #.## #..##
##...... .. ##..#
###..##... ...
#..####...####.. .!.
##..##...## #..


You could see an ogre and a centaur.

Vanquished Creatures
  A necrophage (D:7)
  A centaur (D:5)
  2 giant frogs
  A crimson imp (D:5)
  A wasp zombie (D:6)
  2 hounds
  Crazy Yiuf (D:4)
  4 orc priests
  3 worker ants
  A hound zombie (D:7)
  A hound skeleton (D:6)
  5 gnolls
  4 adders
  3 shadow imps
  3 oozes
  An adder skeleton (D:4)
  2 worms
  7 giant geckos
  9 orcs
  5 giant cockroaches
  14 goblins
  8 hobgoblins
  8 jackals
  4 quokkas
  8 bats
  A giant gecko skeleton (D:4)
  4 giant newts
  6 kobolds
  A quokka skeleton (D:4)
  8 rats
119 creatures vanquished.

Vanquished Creatures (collateral kills)
  An ogre (D:6)
  2 giant frogs (D:7)
  3 crimson imps
  A giant gecko (D:6)
7 creatures vanquished.

Grand Total: 126 creatures vanquished

Notes
Turn   | Place    | Note
--------------------------------------------------------------
     0 | D:1      | Gorice the Ghoul Wanderer began the quest for the Orb.
     0 | D:1      | Gorice set off with: a book of Minor Magic, 2 scrolls of teleportation {!r}, a +0 robe, a +0 club, a +0 dagger, a meat ration {!e}
     0 | D:1      | Reached XP level 1. HP: 14/14 MP: 3/3
     2 | D:1      | Learned a level 1 spell: Magic Dart
   157 | D:1      | HP: 3/13 [giant newt (2)]
   158 | D:1      | HP: 1/13 [giant newt (2)]
   160 | D:1      | Reached skill level 1 in Conjurations
   293 | D:1      | Reached XP level 2. HP: 20/20 MP: 1/4
   803 | D:1      | Reached skill level 3 in Spellcasting
   803 | D:1      | Reached XP level 3. HP: 9/25 MP: 4/6
   916 | D:1      | Learned a level 2 spell: Call Imp
  1305 | D:2      | Reached XP level 4. HP: 26/33 MP: 2/7
  1392 | D:2      | Reached skill level 2 in Conjurations
  1991 | D:3      | HP: 9/33 [rat (1)]
  2162 | D:3      | Reached skill level 2 in Summonings
  2162 | D:3      | Reached XP level 5. HP: 28/38 MP: 7/9
  2267 | D:3      | Found a glowing silver altar of Zin.
  2267 | D:3      | Found a burning altar of Makhleb.
  2268 | D:3      | Noticed a blizzard demon
  2268 | D:3      | Noticed an angel
  3181 | D:4      | Reached XP level 6. HP: 33/44 MP: 10/10
  3187 | D:4      | HP: 13/44 [gnoll/spear (4)]
  3190 | D:4      | HP: 4/44 [gnoll/flail of holy wrath (3)]
  3191 | D:4      | Reached skill level 4 in Spellcasting
  3191 | D:4      | HP: 1/44 [gnoll/spear (2)]
  3510 | D:4      | Found a sparkling altar of Nemelex Xobeh.
  3571 | D:4      | HP: 12/43 [orc priest/hand axe (2)]
  3575 | D:4      | Reached skill level 3 in Conjurations
  3655 | D:4      | Reached skill level 3 in Summonings
  3869 | D:4      | Found a shimmering altar of Xom.
  3869 | D:4      | Found a snail-covered altar of Cheibriados.
  3952 | D:4      | Noticed Crazy Yiuf
  3974 | D:4      | Killed Crazy Yiuf
  4028 | D:5      | Entered Level 5 of the Dungeon
  4140 | D:5      | Found an oddly glowing altar of Pakellas.
  4216 | D:5      | Reached XP level 7. HP: 38/50 MP: 12/12
  4564 | D:5      | Found a bloodstained altar of Trog.
  5145 | D:6      | HP: 15/50 [wasp zombie (7)]
  5150 | D:6      | HP: 8/50 [wasp zombie (5)]
  5212 | D:6      | Reached skill level 4 in Summonings
  5256 | D:6      | Reached skill level 4 in Conjurations
  5317 | D:6      | Found a white marble altar of Elyvilon.
  5402 | D:6      | Found a staircase to the Ecumenical Temple.
  5412 | Temple   | Entered the Ecumenical Temple
  5626 | D:6      | Reached skill level 5 in Spellcasting
  5626 | D:6      | Reached XP level 8. HP: 39/54 MP: 10/14
  5675 | D:6      | Found a deep blue altar of Sif Muna.
  5764 | D:6      | Became a worshipper of Sif Muna the Loreminder
  6291 | D:7      | HP: 13/57 [centaur/arrow (8)]
  6292 | D:7      | HP: 4/57 [centaur/arrow (9)]
  6297 | D:7      | HP: 4/57 [centaur/arrow (1)]
  6299 | D:7      | Shot with an arrow by a centaur

Vault maps used:
D:1:      dpeg_arrival_tiny_c
D:2:      first_bread
D:3:      grunt_temple_overflow_order_and_chaos_2, kennysheep_pointless_box
D:4:      nemelex_xobeh_ov_fountains_minmay, gammafunk_temple_overflow_wave,
          uniq_crazy_yiuf_cottage
D:5:      lemuel_round_altar, kennysheep_little_box
D:6:      lemuel_crystal_altar, lemuel_round_altar, minmay_temple_entry_junction
Temple:   roderic_octagonal_lattice_temple

Action                   |  1- 3 |  4- 6 |  7- 9 || total
-------------------------+-------+-------+-------++-------
Melee: Club              |    19 |       |       ||    19
       Dagger            |   124 |   343 |   265 ||   732
 Cast: Magic Dart        |    44 |   156 |    94 ||   294
       Call Imp          |       |       |    12 ||    12
  Use: Scroll            |       |    13 |     4 ||    17
       Potion            |       |       |     1 ||     1
  Eat: Chunk             |    18 |    44 |    17 ||    79

Table legend:
 A = Turns spent in this place as a percentage of turns spent in the entire game.
 B = Non-inter-level travel turns spent in this place as a percentage of non-inter-level travel turns spent in the entire game.
 C = Inter-level travel turns spent in this place as a percentage of turns spent in this place.
 D = Turns resting spent in this place as a percentage of non-inter-level travel turns spent in this place.
 E = Turns spent auto-exploring this place as a percentage of non-inter-level travel turns spent in this place.
 F = Non-inter-level travel turns spent in this place divided by the number of levels of this place that you've seen.
                   A       B       C       D       E      F
               +-------+-------+-------+-------+-------+----------------------
         Total | 100.0 | 100.0 |   0.4 |   0.8 |   6.1 | 316.0
       Dungeon |  98.6 |  98.6 |   0.4 |   0.8 |   5.8 | 356.1
        Temple |   1.4 |   1.4 |   2.8 |   0.0 |  31.4 |  35.0
               +-------+-------+-------+-------+-------+----------------------

Vault maps used:
D:1:      dpeg_arrival_tiny_c
D:2:      first_bread
D:3:      grunt_temple_overflow_order_and_chaos_2, kennysheep_pointless_box
D:4:      nemelex_xobeh_ov_fountains_minmay, gammafunk_temple_overflow_wave,
          uniq_crazy_yiuf_cottage
D:5:      lemuel_round_altar, kennysheep_little_box
D:6:      lemuel_crystal_altar, lemuel_round_altar, minmay_temple_entry_junction
Temple:   roderic_octagonal_lattice_temple
